 Dungeon Sprint DCSS version 0.24.0-28-g17ded55e90 (webtiles) character file.

Game seed: 9368693852071454509, levelgen mode: deterministic

294 PentaManta the Unseen (level 6, -2/30 HPs)
             Began as a Spriggan Assassin on Nov 13, 2019.
             Slain by a yak (13 damage)
             ... in the Dungeon (Sprint I: "Red Sonja").
             The game lasted 00:01:03 (110 turns).

PentaManta the Unseen (Spriggan Assassin)            Turns: 110, Time: 00:01:04

Health: -2/30      AC:  3    Str:  7    XL:     6   Next: 11%
Magic:  7/7        EV: 26    Int: 13    God:
Gold:   297        SH:  0    Dex: 19    Spells: 5/5 levels left

rFire    . . .     SeeInvis +   a - +2 dagger
rCold    . . .     Gourm    .   (shield restricted)
rNeg     . . .     Faith    .   b - +0 robe
rPois    .         Spirit   .   (helmet restricted)
rElec    .         Reflect  .   c - +0 cloak
rCorr    .         Harm     .   (gloves unavailable)
MR       +....     NoTele   +   (boots unavailable)
Stlth    ++++++....             (no amulet)
HPRegen  0.10/turn              (no ring)
MPRegen  0.10/turn              (no ring)

@: very quick
A: very small, unfitting armour, see invisible, herbivore, speed 3, slow
metabolism 2
a: no special abilities


You were in the Dungeon.
You were not hungry.

You visited 1 branch You collected 297 gold pieces.

Inventory:

Hand Weapons
 a - a +2 dagger (weapon)
Missiles
 d - 8 poisoned darts (quivered)
Armour
 b - a +0 robe (worn)
 c - a +0 cloak (worn)
Scrolls
 l - a scroll of blinking
Potions
 g - a potion of curing
 h - a potion of heal wounds
 i - a potion of haste
 j - 2 potions of magic
 k - a potion of berserk rage
Comestibles
 f - a ration


   Skills:
 - Level 1.5 Fighting
 + Level 5.3 Short Blades
 - Level 2.0 Throwing
 * Level 9.0 Dodging
 + Level 15.8 Stealth


You had 5 spell levels left.
You didn't know any spells.
Your spell library was empty.

Dungeon Overview and Level Annotations

Branches:
Dungeon (1/1)

Altars:
Cheibriados
Dithmenos
Elyvilon
Fedhas
Gozag
Hepliaklqana
Kikubaaqudgha
Okawaru
Qazlal
Ru
Sif Muna
Trog
Uskayaw
Vehumet
Wu Jian
Yredelemnul
Zin
The Shining One

Shops:
D =


Innate Abilities, Weirdness & Mutations

You are very small and have problems with some larger weapons.
You are too small for most types of armour.
You have supernaturally acute eyesight. (SInv)
You are a herbivore.
You cover ground extremely quickly.
You need to consume almost no food.


Message History

Throwing (i - inventory. (/) - cycle)
e - 2 curare-tipped darts (quivered)
Press: ? - help, Shift-Dir - straight line, f - yak
Aim: a yak You throw a curare-tipped dart.
The curare-tipped dart hits the yak.
The yak is poisoned.
The yak convulses.
The yak seems to slow down.
The yak is moderately wounded.
Throwing (i - inventory. (/) - cycle)
e - a curare-tipped dart (quivered)
Press: ? - help, Shift-Dir - straight line, f/p - yak
Aim: a yak (moderately wounded, slow, poisoned)
You throw a curare-tipped dart. The curare-tipped dart hits the yak.
The yak looks as sick as possible!
The yak convulses.
The yak seems to be slow for longer.
The yak is heavily wounded.
The yak gores you!
You hit the yak.
The yak is heavily wounded.
You hit the yak.
The yak is almost dead.
The yak gores you!
You die...

################
#<.#.)'..#..'..#
#..').#..').#..+
#..#####'#####'#
#..# #..#...#?#
#..#__####..##@#
#..#_____##'#Y.+
#⌠⌠#_.∩...(..._#
####_..__##_.#+#
#____ ##+# ####


You could see a yak.

Vanquished Creatures
  Sigmund (D)
  An ogre (D)
  A jelly (D)
  Ijyb (D)
4 creatures vanquished.

Notes
Turn   | Place    | Note
-------+----------+-------------------------------------------
     0 | D        | PentaManta the Spriggan Assassin began the quest for the
                  | Orb.
     0 | D        | Reached XP level 1. HP: 10/10 MP: 2/2
     1 | D        | Noticed Ijyb
     4 | D        | Killed Ijyb
     4 | D        | Reached skill level 9 in Stealth
     4 | D        | Reached XP level 2. HP: 14/14 MP: 3/3
     6 | D        | Noticed an ogre
    20 | D        | Killed an ogre
    20 | D        | Reached skill level 12 in Stealth
    20 | D        | Reached XP level 3. HP: 18/18 MP: 4/4
    20 | D        | Reached XP level 4. HP: 22/22 MP: 5/5
    26 | D        | Noticed Sigmund
    40 | D        | Killed Sigmund
    40 | D        | Reached skill level 5 in Short Blades
    40 | D        | Reached skill level 15 in Stealth
    40 | D        | Reached XP level 5. HP: 22/25 MP: 6/6
    40 | D        | Reached XP level 6. HP: 27/30 MP: 7/7
    74 | D        | Found a shimmering blue altar of Sif Muna.
    75 | D        | Found an ornate altar of the Wu Jian Council.
    76 | D        | Found a radiant altar of Vehumet.
    97 | D        | Found Ubum's Jewellery Emporium.
    97 | D        | Found an ancient bone altar of Kikubaaqudgha.
    97 | D        | Found a hazy altar of Hepliaklqana.
    97 | D        | Found a hide-covered altar of Uskayaw.
    97 | D        | Found a basalt altar of Yredelemnul.
    97 | D        | Found an opulent altar of Gozag.
    97 | D        | Found a snail-covered altar of Cheibriados.
    97 | D        | Found a sacrificial altar of Ru.
    97 | D        | Found a shadowy altar of Dithmenos.
    97 | D        | Noticed a yak
    98 | D        | Found a stormy altar of Qazlal.
    98 | D        | Found a blossoming altar of Fedhas.
    98 | D        | Found a bloodstained altar of Trog.
    98 | D        | Found an iron altar of Okawaru.
    98 | D        | Found a glowing golden altar of the Shining One.
    98 | D        | Found a glowing silver altar of Zin.
    98 | D        | Found a white marble altar of Elyvilon.
   110 | D        | Slain by a yak

Levels and vault maps discovered:
D:        dungeon_sprint_1 [red_sonja_temple_1, red_sonja_temple_small_1]

Skill      XL: |  1  2  3  4  5  6 |
---------------+-------------------+-----
Dodging        | 4 6 8 9 |  9.0
Stealth        | 9 12 15 | 15.8
Short Blades   | 3 5 |  5.3
Fighting       | |  1.5
Throwing       | |  2.0

Action                   |  1- 3 |  4- 6 || total
-------------------------+-------+-------++-------
Melee: Dagger            |    10 |    15 ||    25
Throw: Dart              |       |     4 ||     4
 Stab: Sleeping          |     1 |     1 ||     2
Dodge: Dodged            |     5 |     3 ||     8
